Unix NetHack Version 5.0.0-0 post-release - last build Jun 10 2026 00:39:30 (3ee93aec679c4c4259841fe613dc97188e26a321,branch:main).

Game began 2026-06-14 15:42:22, ended 2026-06-14 15:58:44.

DiePARTEI, neutral female human Tourist

                                                            -----------
                        -------------                       |.........|
                        |...........|                       |.........|
            .           |...........|                    ###..........|
             #         #-...........|          ###########  -.------|--
              @#########|...........0###########             #    ###
             q          -------|-----#                            #
                            ####     #                            #
                          ###        #                            #
                         ##          ###                         ##
                        ##             #                      ####
                    ----|-----------   #--------          --.-.---
                    |..............|   #|..:...|          .......|
                    |..............|####..<.....##        |......|
                    |..............|#   |......| #########.._....|
                    +.{............-#   --------          |......|
                    ----------------                      --------

DiePARTEI the Excursionist  St:25 Dx:12 Co:16 In:8 Wi:8 Ch:17  Neutral
Dlvl:8  $:1137 HP:0(53) Pw:27(27) AC:1  Xp:6 T:1438 

Latest messages:
 $ - 64 gold pieces (1137 in total).
 The black unicorn vanishes!
 You find a hidden door.
 The door resists!
 The door opens.
 The door resists!
 The door opens.
 KABOOM!!  The door was booby-trapped!
 You stagger...
 You feel a bit steadier now.
 You stop waiting.
 With great effort you move the boulder.
 You find a hidden door.
 The door opens.
 The black unicorn butts!
 The black unicorn kicks!
 The black unicorn misses!
 The black unicorn kicks!
 What do you want to throw? [$awCF or ?*] O
 In what direction? 4
 The black unicorn catches the yellow gem.
 The black unicorn graciously accepts your gift.
 The black unicorn vanishes!
 You see here a slime mold.
 There is a slime mold here; eat it? [ynq] (n) y
 My, this is a yummy slime mold!
 This door is locked.
 Unlock it with your credit card? [ynq] (q) y
 You succeed in picking the lock.
 The door opens.
 This door is locked.
 Unlock it with your credit card? [ynq] (q) y
 You succeed in picking the lock.
 The door opens.
 You see here a scroll labeled ETAOIN SHRDLU.
 Z - a scroll labeled ETAOIN SHRDLU.
 You are carrying too much to get through.
 You stop searching.
 You miss the mumak.
 The mumak butts!
 The mumak bites!
 In what direction? 1
 The dart hits the mumak!
 The mumak butts!
 You die...
 Do you want your possessions identified? [ynq] (y) y
 Do you want to see your attributes? [ynq] (y) y
 Do you want an account of creatures vanquished? [ynaq] (y) y
 Do you want to see your conduct and achievements? [ynq] (y) y
 Do you want to see the dungeon overview? [ynq] (y) y

Inventory:
 Coins    ('$')
  $ - 1137 gold pieces
 Weapons  (')')
  a - 31 +2 darts (at the ready)
  F - 4 +0 daggers
  w - a cursed -1 orcish dagger
  C - a +0 bec de corbin
 Armor    ('[')
  x - an uncursed +0 orcish helm (being worn)
  s - a blessed rustproof +2 pair of gauntlets of power (being worn)
  H - an uncursed +0 pair of iron shoes (being worn)
  k - an uncursed +0 Hawaiian shirt with a bird of paradise motif (being worn)
  J - an uncursed +0 studded leather armor (being worn)
 Comestibles  ('%')
  g - 2 uncursed slime molds
  h - an uncursed apple
  A - 2 uncursed bananas
  V - an uncursed candy bar labeled "Fruity Oaty"
  f - 3 uncursed cram rations
  p - an uncursed cream pie
  d - an uncursed food ration
  c - 3 uncursed lembas wafers
  e - 2 uncursed tripe rations
  b - 2 uncursed eggs
  W - an uncursed lizard corpse
 Scrolls  ('?')
  X - an uncursed scroll of amnesia
  U - an uncursed scroll of create monster
  Q - a cursed scroll of enchant armor
  Z - an uncursed scroll of fire
  o - 2 uncursed scrolls of identify
  y - an uncursed scroll of light
  j - an uncursed scroll of magic mapping
  R - 2 uncursed scrolls of scare monster
 Potions  ('!')
  S - an uncursed potion of speed
  q - an uncursed potion of water
 Rings    ('=')
  B - an uncursed ring of sustain ability (on left hand)
 Wands    ('/')
  n - a wand of digging (0:6)
  z - a wand of digging (0:6)
  T - a cursed wand of digging (0:5)
  Y - a wand of lightning (0:7)
 Tools    ('(')
  E - a can of grease (0:14)
  m - an uncursed credit card
  G - an expensive camera (0:97)
  l - an expensive camera (0:71)
  I - a +0 pick-axe
 Gems/Stones  ('*')
  D - an uncursed worthless piece of green glass
  K - an uncursed worthless piece of yellowish brown glass

DiePARTEI the Tourist's attributes:

Background:
 You were an Excursionist, a level 6 female human Tourist.
 You were neutral, on a mission for The Lady
 who was opposed by Blind Io (lawful) and Offler (chaotic).
 You were right-handed.
 You were in the Dungeons of Doom, on level 8.
 You entered the dungeon 1438 turns ago.
 There was a new moon in effect when your adventure ended.
 You had 328 experience points, 312 more were needed to attain level 7.

Basics:
 You had 0 out of 53 hit points.
 You had all 27 energy points (spell power).
 Your armor class was 1.
 Your wallet contained 1137 zorkmids.
 Autopickup was off.

Final Characteristics:
 Your strength was 25 (base:10, innate limit:18/100).
 Your dexterity was 12 (limit:18).
 Your constitution was 16 (limit:18).
 Your intelligence was 8 (peak:12, limit:18).
 Your wisdom was 8 (limit:18).
 Your charisma was 17 (limit:18).

Final Status:
 You weren't hungry.
 You were unencumbered.
 You were empty handed.
 You were unskilled in bare handed combat.

Final Attributes:
 You were devoutly aligned.
 You were warded.
 You had fixed abilities.
 You are dead.

Miscellaneous:
 You didn't encounter any bones levels.
 Total elapsed playing time was 16 minutes and 22 seconds.

Major events:
 Turn
    1: DiePARTEI the neutral female human Tourist entered the dungeon
  119: made her first wish - "blessed rustproof fireproof erodeproof +2 gauntlets of power", got "a pair of old gloves"
  592: entered the Gnomish Mines
  632: attained the rank of Sightseer (level 3)
  632: reached Mine Town
 1252: attained the rank of Excursionist (level 6)
 1438: killed by a mumak

You didn't know any spells.

Skills:
 Fighting Skills
   bare handed combat [Unskilled]
   two weapon combat  [Unskilled]
   riding             [Unskilled]
 Weapon Skills
   dagger             [Unskilled]
   knife              [Unskilled]
   axe                [Unskilled]
   pick-axe           [Unskilled]
   short sword        [Unskilled]
   broadsword         [Unskilled]
   long sword         [Unskilled]
   two-handed sword   [Unskilled]
   saber              [Unskilled]
   mace               [Unskilled]
   morning star       [Unskilled]
   flail              [Unskilled]
   hammer             [Unskilled]
   quarterstaff       [Unskilled]
   polearms           [Unskilled]
   spear              [Unskilled]
   trident            [Unskilled]
   lance              [Unskilled]
   bow                [Unskilled]
   sling              [Unskilled]
   crossbow           [Unskilled]
   dart               [Basic]
   shuriken           [Unskilled]
   boomerang          [Unskilled]
   whip               [Unskilled]
   unicorn horn       [Unskilled]
 Spellcasting Skills
   divination spells  [Unskilled]
   enchantment spells [Unskilled]
   escape spells      [Unskilled]

Voluntary challenges:
 Character rerolling was not enabled.
 You never hit with a wielded weapon.
 You never genocided any monsters.
 You never polymorphed an object.
 You never changed form.
 You used 1 wish.
 You did not wish for any artifacts.
Achievements:
 You entered a shop.
 You entered the Gnomish Mines.
 You attained the rank of Sightseer.
 You entered Minetown.
 You attained the rank of Excursionist.

 The Dungeons of Doom: levels 1 to 8
    Level 1:
    Level 2:
       A potion shop, some fountains.
    Level 3:
       Stairs down to The Gnomish Mines.
    Level 4:
       An altar.
    Level 5:
    Level 6:
       A sink.
    Level 7:
    Level 8: <- You were here.
       An altar, a fountain.
       Final resting place for
          you, killed by a mumak.
 The Gnomish Mines: levels 4 to 7
    Level 4:
    Level 5:
    Level 6:
    Level 7:


Vanquished creatures:
  a lizard
  a raven
  a snake
  2 gnome leaders
  a floating eye
  6 dwarves
  2 hobbits
 17 gnomes
  4 garter snakes
  a gnome zombie
  a jackal
  a fox
  a kobold
  a goblin
  a grid bug
  2 lichens
  2 newts
45 creatures vanquished.

No species were genocided or became extinct.

Game over:
                       ----------
                      /          \
                     /    REST    \
                    /      IN      \
                   /     PEACE      \
                  /                  \
                  |    DiePARTEI     |
                  |     1137 Au      |
                  |   killed by a    |
                  |      mumak       |
                  |                  |
                  |                  |
                  |       2026       |
                 *|     *  *  *      | *
        _________)/\\_//(\/(/\)/\//\/|_)_______

Aloha DiePARTEI the Tourist...

You died in The Dungeons of Doom on dungeon level 8 with 1877 points,
and 1137 pieces of gold, after 1438 moves.
You were level 6 with a maximum of 53 hit points when you died.

